 Dungeon Crawl Stone Soup version 0.30.1-4-g462c640d31 (webtiles) character file.

Game seed: 7228085633185571548

11458 safid the Frost Mage (level 11, -4/94 HPs)
             Began as a Merfolk Ice Elementalist on Aug 17, 2023.
             Was an Initiate of Vehumet.
             Slain by an elephant (13 damage)
             ... on level 1 of the Lair of Beasts.
             The game lasted 00:18:34 (11139 turns).

safid the Frost Mage (Merfolk Ice Elementalist)    Turns: 11139, Time: 00:18:34

Health: -4/94      AC: 17    Str:  9    XL:     11   Next: 78%
Magic:  16/23      EV: 16    Int: 19    God:    Vehumet [......]
Gold:   408        SH:  0    Dex: 14    Spells: 9/26 levels left

rFire   . . .        o - +9 falchion "Qaomew" {flame, Stlth+}
rCold   + . .        (no shield)
rNeg    + . .        h - +2 robe {Will+}
rPois   .            t - +0 helmet
rElec   .            (no cloak)
rCorr   .            D - +1 pair of gloves
SInv    .            F - +0 pair of boots
Will    +....        (no amulet)
Stlth   +++          y - ring of positive energy
HPRegen 0.35/turn    B - ring of protection from cold
MPRegen 0.18/turn

%: no passive effects
@: ice-armoured, freezing walls
A: (nimble swimmer 2), mertail
a: Renounce Religion


You were on level 1 of the Lair of Beasts.
You worshipped Vehumet.
Vehumet was noncommittal.
You visited 3 branches of the dungeon, and saw 12 of its levels.

You collected 801 gold pieces.
You spent 393 gold pieces at shops.

Inventory:

Hand Weapons
 o - the +9 falchion "Qaomew" (weapon) {flame, Stlth+}
   (You found it on level 2 of the Dungeon)

   Stlth:     It makes you more stealthy.
Missiles
 v - 2 throwing nets
 E - a curare-tipped dart
Armour
 h - a +2 robe of willpower (worn)
 t - a +0 helmet (worn)
 D - a +1 pair of gloves (worn)
 F - a +0 pair of boots (worn)
Jewellery
 e - a ring of see invisible
 s - a ring of wizardry
 y - a ring of positive energy (left hand)
 B - a ring of protection from cold (right hand)
 C - a ring of fire
 H - an amulet of reflection
Wands
 u - a wand of mindburst (15)
 J - a wand of acid (6)
Scrolls
 f - 4 scrolls of blinking
 j - 2 scrolls of fear
 k - 4 scrolls of amnesia
 l - 2 scrolls of magic mapping
 m - 2 scrolls of teleportation
 r - 3 scrolls of enchant armour
 w - a scroll of enchant weapon
 x - a scroll of silence
 G - a scroll of butterflies
Potions
 a - a potion of haste {unknown}
 b - a potion of magic
 c - 3 potions of attraction {unknown}
 d - 2 potions of might {unknown}
 g - a potion of heal wounds {unknown}
 i - 3 potions of flight {unknown}
 n - 6 potions of curing
 p - a potion of cancellation {unknown}
 q - 2 potions of resistance {unknown}
 z - 2 potions of lignification {unknown}
 A - 2 potions of brilliance {unknown}
 I - a potion of degeneration {unknown}


   Skills:
 + Level 11.6 Fighting
 + Level 8.6 Dodging
 - Level 2.1 Stealth
 - Level 8.0 Spellcasting
 + Level 12.5 Ice Magic


You had 9 spell levels left.
You knew the following spells:

 Your Spells              Type           Power      Damage    Failure   Level
a - Freeze                Ice            100%       1d10      1%          1
b - Frozen Ramparts       Ice            100%       1d16      1%          3
c - Ozocubu's Armour      Ice            53%        N/A       1%          3
d - Hailstorm             Conj/Ice       31%        3d8       1%          3
e - Ozocubu's Refrigerat  Ice            26%        4d13      41%         7

Your spell library contained the following spells:

 Spells                   Type           Power      Damage    Failure   Level
 Summon Ice Beast         Ice/Summ       31%        N/A       7%          4
 Apportation              Tloc           14%        N/A       9%          1
 Beastly Appendage        Tmut           14%        N/A       9%          1
 Necrotise                Necr           28%        1d5       9%          1
 Summon Small Mammal      Summ           28%        N/A       9%          1
 Wereblood                Tmut           7%         N/A       14%         2
 Spider Form              Tmut/Pois      7%         N/A       26%         3
 Vhi's Electric Charge    Tloc/Air       14%        N/A       26%         3
 Arcjolt                  Conj/Air       3%         1d13      94%         5
 Plasma Beam              Fire/Air       3%         2x1d15    100%        6


Dungeon Overview and Level Annotations

Branches:
Dungeon (10/15)            Temple (1/1) D:5            Lair (1/5) D:10
    Orc (0/2) D:9

Altars:
Ashenzari
Cheibriados
Dithmenos
Elyvilon
Fedhas
Gozag
Hepliaklqana
Kikubaaqudgha
Makhleb
Nemelex Xobeh
Okawaru
Qazlal
Ru
Sif Muna
Trog
Uskayaw
Vehumet
Wu Jian
Xom
Yredelemnul
Zin
The Shining One

Shops:
D:1 ([?   D:8 [   D:9 =


Innate Abilities, Weirdness & Mutations

((You are very nimble when in or above water. (Stealth+, EV+, Speed+++)))
Your lower body shifts to a powerful aquatic tail in water.


Message History

Unknown command.
You barely miss the elephant.
The elephant is severely wounded.
The wall freezes the elephant.
The wall freezes the elephant!
The elephant tramples you!
* * * LOW HITPOINT WARNING * * *
You hold your ground!
The elephant trunk-slaps you but does no damage.
The wall freezes the elephant.
You hit the elephant. You burn the elephant.
The elephant is almost dead.
The frozen ramparts melt away.
The elephant tramples you.
* * * LOW HITPOINT WARNING * * *
You hold your ground!
The elephant trunk-slaps you but does no damage.
The elephant tramples you.
* * * LOW HITPOINT WARNING * * *
You hold your ground!
The elephant trunk-slaps you.
* * * LOW HITPOINT WARNING * * *
You feel better. The elephant misses you. The elephant barely misses you.
The elephant misses you.
The elephant trunk-slaps you but does no damage.
Casting: Frozen Ramparts (safe; 1% risk of failure)
Confirm with . or Enter, or press ? or * to list all spells.
Casting: Frozen Ramparts (safe; 1% risk of failure)
Press: ? - help, Dir - look around, f - activate The walls around you are covered in ice.
The wall freezes the elephant!
The elephant tramples you.
* * * LOW HITPOINT WARNING * * *
You hold your ground!
The elephant trunk-slaps you but does no damage.
The wall freezes the elephant but does no damage.
The elephant tramples you but does no damage.
The elephant misses you.
Unknown command.
You slash the elephant! You burn the elephant.
You kill the elephant!
Vehumet accepts your kill.
The wall freezes the elephant!
The elephant tramples you!
You die...

###.................
####.#......#P.######..
#........#### ...
#..##P...# #...
#.♣.♣#♣..# #..#
#........# #..##
##♣P♣#♣..# #...#
####...############..#
#...##P#@#.##..#..#
#......††Y........##
#.........######...#
#.......†.P.......##
#..............#..#
#.........#.....Y.#
#........[#.......#
#.........##+###..#
#........... .YY#


You could see an elephant.

Vanquished Creatures
  Pikel (D:6)
  5 elephants (Lair:1)
  A troll (D:10)
  A hornet (D:9)
  Grinder (D:6)
  Prince Ribbit (D:7)
  A vampire (D:10)
  4 slime creatures (D:10)
  Sigmund (D:3)
  2 wyverns (D:9)
  15 yaks
  Eustachio (D:6)
  3 steam dragons
  3 vampire mosquitoes (D:10)
  Menkaure (D:6)
  Duvessa (D:7)
  4 water moccasins
  5 orc warriors
  2 ice beasts (D:5)
  An ogre (D:5)
  2 sky beasts
  3 black bears
  5 centaurs
  2 phantoms (D:5)
  A kobold brigand (D:7)
  A gnoll sergeant (D:8)
  4 bullfrogs
  4 scorpions
  6 wights (D:7)
  Dowan (D:7)
  An electric eel (D:9)
  7 howler monkeys
  A bullfrog zombie (D:5)
  A centaur skeleton (D:5)
  2 jellies
  A bullfrog skeleton (D:5)
  A gnoll bouda (D:6)
  A hound (D:4)
  6 orc priests
  2 sleepcaps
  2 iguanas
  9 orc wizards
  Robin (D:3)
  12 gnolls
  5 adders
  A shadow imp (D:7)
  A white imp (D:7)
  2 worms
  3 dart slugs
  40 orcs
  A bat (D:3)
  5 endoplasms
  4 giant cockroaches
  13 goblins
  8 hobgoblins
  4 quokkas
  9 ball pythons
  3 frilled lizards
  10 kobolds
  4 rats
243 creatures vanquished.

Notes
Turn   | Place    | Note
-------+----------+-------------------------------------------
     0 | D:1      | safid the Merfolk Ice Elementalist began the quest for the
                  | Orb.
     0 | D:1      | Reached XP level 1. HP: 13/13 MP: 3/3
   180 | D:1      | Found Pizeozus's Magic Scroll Shop.
   212 | D:1      | Bought a scroll of identify for 22 gold pieces
   228 | D:1      | Reached XP level 2. HP: 10/20 MP: 0/5
   404 | D:1      | Found Lil Fim's Armour Shoppe.
   412 | D:1      | Reached skill level 1 in Fighting
   524 | D:1      | Found Rufirit's Weapon Shop.
   664 | D:2      | Identified the +2 hand axe "Kuit" {flame, MP+9 Str+3}
   910 | D:2      | Identified the +9 falchion "Qaomew" {flame, Stlth+}
  1003 | D:2      | Reached XP level 3. HP: 26/26 MP: 6/6
  1007 | D:2      | Learned a level 3 spell: Frozen Ramparts
  1083 | D:2      | Found a faded altar of an unknown god.
  1612 | D:3      | Noticed Sigmund
  1622 | D:3      | Killed Sigmund
  1623 | D:3      | Reached skill level 5 in Ice Magic
  1623 | D:3      | Reached XP level 4. HP: 23/35 MP: 3/9
  1623 | D:3      | Reached XP level 5. HP: 28/41 MP: 3/10
  1692 | D:3      | Learned a level 3 spell: Ozocubu's Armour
  1726 | D:3      | Noticed a black bear
  1732 | D:3      | Killed a black bear
  1733 | D:3      | Reached XP level 6. HP: 40/47 MP: 4/11
  1736 | D:3      | Noticed Robin
  1742 | D:3      | Killed Robin
  2540 | D:4      | Reached skill level 6 in Ice Magic
  2617 | D:4      | Reached XP level 7. HP: 43/54 MP: 13/13
  3084 | D:4      | Found an opulent altar of Gozag.
  3179 | D:5      | Entered Level 5 of the Dungeon
  3350 | D:5      | Reached skill level 5 in Dodging
  3400 | D:5      | Found a staircase to the Ecumenical Temple.
  3406 | Temple   | Entered the Ecumenical Temple
  3697 | D:5      | Reached skill level 5 in Fighting
  3697 | D:5      | Reached XP level 8. HP: 50/62 MP: 8/15
  4197 | D:5      | Reached skill level 5 in Spellcasting
  4197 | D:5      | Reached skill level 7 in Ice Magic
  4753 | D:6      | Noticed Menkaure
  4758 | D:6      | Killed Menkaure
  4764 | D:6      | HP: 3/64 [centaur/arrow (5)]
  4770 | D:6      | Reached XP level 9. HP: 13/69 MP: 2/17
  5050 | D:6      | Found a hazy altar of Hepliaklqana.
  5133 | D:6      | Noticed Eustachio
  5140 | D:6      | Noticed Pikel
  5141 | D:6      | Noticed Grinder
  5162 | D:6      | Paralysed by Grinder for 4 turns
  5190 | D:5      | Reached skill level 8 in Ice Magic
  5325 | D:6      | Killed Eustachio
  5434 | D:6      | Killed Grinder
  5518 | D:6      | Killed Pikel
  5676 | D:6      | Reached skill level 9 in Ice Magic
  5856 | D:7      | Found a shimmering blue altar of Sif Muna.
  5857 | D:7      | Found an iron altar of Okawaru.
  6021 | D:7      | Reached XP level 10. HP: 57/80 MP: 20/20
  6336 | D:7      | Noticed Dowan
  6337 | D:7      | Noticed Duvessa
  6341 | D:7      | Killed Dowan
  6345 | D:7      | Killed Duvessa
  6556 | D:7      | Noticed Prince Ribbit
  6563 | D:7      | Killed Prince Ribbit
  7221 | D:1      | Bought a scroll of identify for 22 gold pieces
  7221 | D:1      | Bought a scroll of noise for 11 gold pieces
  7221 | D:1      | Bought a scroll of identify for 22 gold pieces
  7221 | D:1      | Bought a scroll of identify for 22 gold pieces
  7221 | D:1      | Bought a scroll of blinking for 82 gold pieces
  7643 | D:8      | Found a sacrificial altar of Ru.
  7794 | D:8      | Reached skill level 10 in Ice Magic
  7884 | D:8      | Found Xyonoete's Armour Shop.
  7887 | D:8      | Bought a +2 robe of willpower for 212 gold pieces
  8673 | D:9      | Reached skill level 11 in Ice Magic
  8673 | D:9      | Reached XP level 11. HP: 78/90 MP: 18/23
  8674 | D:9      | Reached skill level 10 in Fighting
  9003 | D:9      | Found a staircase to the Orcish Mines.
  9029 | D:9      | Found Xaqionus's Jewellery Shoppe.
  9703 | D:10     | Entered Level 10 of the Dungeon
 10353 | D:10     | Found a radiant altar of Vehumet.
 10363 | D:10     | Became a worshipper of Vehumet
 10424 | D:10     | Reached skill level 12 in Ice Magic
 10582 | D:10     | Found a staircase to the Lair.
 11030 | Lair:1   | Entered Level 1 of the Lair of Beasts
 11044 | Lair:1   | Learned a level 3 spell: Hailstorm
 11052 | Lair:1   | Learned a level 7 spell: Ozocubu's Refrigeration
 11136 | Lair:1   | HP: 4/94 [elephant (1)]
 11139 | Lair:1   | Slain by an elephant

Illustrated notes

Levels and vault maps discovered:
D:1:      lightli_arrival_quake, layout_rooms, serial_shops,
          nicolae_shop_just_a_little_nook, nicolae_shop_tiny_statue_garden, shop
D:2:      minmay_door_path, layout_basic, shapermc_ecumenical_altar_venn
D:3:      minmay_wonky_spiral, layout_rooms, grunt_decor_mini_mirrors,
          roderic_st_hans_cross, uniq_robin, uniq_sigmund
D:4:      layout_rooms, kennysheep_little_box
D:5:      cheibrodos_iron_armory, layout_layer_cave,
          minmay_temple_entry_enclosed_plants, serial_undead, serial_undead_a,
          serial_undead_a, serial_undead_a, serial_undead_a
D:6:      layout_cave_pools, kennysheep_mini, uniq_pikel, uniq_menkaure,
          uniq_eustachio, uniq_grinder
D:7:      layout_basic, jmf_multi_god_temple, minmay_curled_crystal,
          corexii_item_surrounded_by_moat, uniq_prince_ribbit1, uniq_duvessa
D:8:      layout_gridville, hangedman_ru_absence, serial_shops,
          kennysheep_mini_moat, kennysheep_generic_room_3
D:9:      layout_irregular_city, hiddenorc1_lemuel, serial_shops,
          nicolae_shop_tiny_glass, serial_bayou_pond_b, nicolae_two_hexagons
D:10:     layout_roguey, mainiacjoe_overflow_concentric_impassable,
          dpeg_oklobed_lair
Temple:   kb_temple_of_zot
Lair:1:   layout_chaotic_city, serial_forest, infiniplex_forest_clump_long,
          infiniplex_forest_pool, infiniplex_forest_lined_1,
          infiniplex_forest_lined_2, infiniplex_forest_straight_2

Skill      XL: |  1  2  3  4  5  6  7  8  9 10 11 |
---------------+----------------------------------+-----
Fighting       | 1 3 4 5 6 7 9 11 | 11.6
Spellcasting   | 3 4 5 6 8 |  8.0
Ice Magic      | 5 6 7 9 11 12 | 12.5
Dodging        | 3 5 6 8 |  8.6
Stealth        | |  2.1

Action                     |  1- 3 |  4- 6 |  7- 9 | 10-12 || total
---------------------------+-------+-------+-------+-------++-------
  Melee: Whip              |     9 |       |       |       ||     9
         Rapier            |    15 |       |       |       ||    15
         Falchion          |    16 |    56 |   131 |   234 ||   437
         Punch             |       |       |     2 |     1 ||     3
   Cast: Freeze            |    21 |       |     2 |    19 ||    42
         Frozen Ramparts   |     1 |     4 |    17 |    29 ||    51
         Ozocubu's Armour  |       |     3 |    18 |    23 ||    44
    Use: Scroll            |       |       |     9 |     5 ||    14
         Potion            |       |       |     3 |     4 ||     7
   Stab: Sleeping          |     6 |     4 |    11 |     4 ||    25
         Distracted        |       |       |     1 |     1 ||     2
 Armour: Robe              |     7 |    18 |    55 |   126 ||   206
  Dodge: Dodged            |    41 |    55 |   155 |   299 ||   550
